 Dungeon Crawl Stone Soup version 0.24-a0-769-g368c164 (webtiles) character file.

Game seed: 4162923675515935210, levelgen mode: deterministic

799 tbh1313 the Basher (level 7, -2/41 HPs)
             Began as a Gargoyle Fighter on Oct 6, 2019.
             Was an Initiate of Ashenzari.
             Slain by a wight
             ... wielding a cursed +4 trident
              (3 damage)
             ... on level 6 of the Dungeon.
             The game lasted 00:12:31 (4279 turns).

tbh1313 the Basher (Gargoyle Fighter)               Turns: 4279, Time: 00:12:32

Health: -2/41      AC: 13    Str: 22    XL:     7   Next: 90%
Magic:  7/7        EV: 10    Int: 12    God:    Ashenzari [......]
Gold:   284        SH:  4    Dex:  9    Spells: 6/6 levels left

rFire    . . .     SeeInvis .   q - +0 flail (holy)
rCold    . . .     Gourm    .   n - +0 buckler (curse)
rNeg     + . .     Faith    .   p - +0 chain mail (curse)
rPois    ∞         Spirit   .   (no helmet)
rElec    +         Reflect  .   (no cloak)
rCorr    .         Harm     .   (no gloves)
MR       .....                  (no boots)
Stlth    ..........             (no amulet)
HPRegen  0.13/turn              i - +4 ring of intelligence
MPRegen  0.10/turn              l - +3 ring of evasion

@: no status effects
A: negative energy resistance 1, electricity resistance, unbreathing,
petrification resistance, rot immunity, AC +4
a: Curse Item, Renounce Religion


You were on level 6 of the Dungeon.
You worshipped Ashenzari.
Ashenzari was noncommittal.
You were not hungry.

You visited 1 branch of the dungeon, and saw 6 of its levels.
You also visited: Sewer.

You collected 284 gold pieces.

Inventory:

Hand Weapons
 a - a +1 flail
 q - a +0 flail of holy wrath (weapon)
Missiles
 r - a throwing net (quivered)
Armour
 c - a +0 shield
 n - a cursed +0 buckler (worn)
 p - a cursed +0 chain mail (worn)
Jewellery
 i - a +4 ring of intelligence (left hand)
 l - a +3 ring of evasion (right hand)
 s - an uncursed ring of wizardry
Wands
 g - a wand of paralysis (15)
 w - a wand of acid (9)
Scrolls
 u - 3 scrolls of fear
 v - a scroll of immolation {unknown}
 x - a scroll of amnesia
Potions
 b - 3 potions of haste
 d - 4 potions of might
 e - 5 potions of curing
 h - 2 potions of magic
 j - 5 potions of lignification
 k - 3 potions of heal wounds
 m - a potion of berserk rage
 o - 2 potions of agility {unknown}
 t - a potion of invisibility {unknown}
 z - 2 potions of flight {unknown}
 A - 2 potions of brilliance {unknown}
Comestibles
 f - 9 rations


   Skills:
 - Level 3.2 Fighting
 * Level 8.5 Maces & Flails
 - Level 3.2 Armour
 - Level 4.0 Shields


You had 6 spell levels left.
You didn't know any spells.
Your spell library was empty.

Dungeon Overview and Level Annotations

Branches:
Dungeon (6/15)             Temple (0/1) D:5           Sewer (visited)

Altars:
Ashenzari
Cheibriados
Fedhas
Makhleb
Sif Muna
Yredelemnul
Beogh

Annotations:
D:4 3 runed translucent doors, flyleaff's ghost, amateur NaTm


Innate Abilities, Weirdness & Mutations

You are resistant to torment.
Your stone body is resilient. (AC +4)
You are immune to poison.
You resist negative energy. (rN+)
You are resistant to electric shocks. (rElec)
You can survive without breathing.
You are immune to petrification.
You are immune to rotting.


Message History

The wight hits you but does no damage.
You barely miss the wight. The wight hits you but does no damage.
The wight closely misses you. You block the wight's attack.
The wight hits you with a +1 falchion.
You hit the wight but do no damage. The wight barely misses you.
The wight hits you but does no damage.
You barely miss the wight. The wight hits you with a +1 falchion.
The wight hits you with a +4 battleaxe of freezing!
The wight freezes you.
The wight hits you with a cursed +4 trident.
Your chain mail prevents you from hitting the wight.
The wight hits you with a +1 falchion.
* * * LOW HITPOINT WARNING * * *
The wight barely misses you.
The wight hits you with a +4 battleaxe of freezing.
* * * LOW HITPOINT WARNING * * *
The wight freezes you.
* * * LOW HITPOINT WARNING * * *
The wight hits you with a cursed +4 trident.
You die...

###.. ....##.....#
....##...........##
..#...............#
....>##......)....#
..................#
....÷........#....##
.##.###......#.....#
.##.###.........z..###.#
.....<.......#..@z.....#
......#.##..##..zz.....#
...........###........##
........##.# #.....(....
........##.# #..........
.##.##.###.# #..........
##..#..# #.# #>.........
#.#[..# #.# #..........
....#.# ..#


You could see 4 wights.

Levels and vault maps discovered:
D:1:      onia_arrival_zoo_common, layout_rooms
D:2:      layout_loops_ring, first_ration, hangedman_decor_push,
          fedhas_altar_fruit_tree
D:3:      layout_loops_ring, minmay_ruptured
D:4:      lemuel_upstairs_altar, layout_loops_ring, cheibriados_altar_1,
          bloody_makhleb, gammafunk_temple_overflow_wave,
          ashenzari_conservatory_becter, biasface_ghost_orc_armoury, tgw_sif
D:5:      layout_rooms, temple_green, gup_sewer_entry_bowl, nicolae_sextant
D:6:      layout_rooms

Notes
Turn   | Place    | Note
-------+----------+-------------------------------------------
     0 | D:1      | tbh1313 the Gargoyle Fighter began the quest for the Orb.
     0 | D:1      | Reached XP level 1. HP: 14/14 MP: 1/1
     6 | D:1      | Noticed a polar bear
     6 | D:1      | Noticed a killer bee
     6 | D:1      | Noticed a wolf
     7 | D:1      | Noticed a water moccasin
     7 | D:1      | Noticed a six-headed hydra
   128 | D:1      | Reached XP level 2. HP: 15/19 MP: 2/2
   332 | D:1      | Reached skill level 3 in Maces & Flails
   536 | D:2      | Reached XP level 3. HP: 8/23 MP: 3/3
  1094 | D:2      | Found a blossoming altar of Fedhas.
  1150 | D:2      | Reached skill level 4 in Maces & Flails
  1210 | D:2      | Reached XP level 4. HP: 26/28 MP: 4/4
  1426 | D:3      | Paralysed by a hobgoblin for 5 turns
  2191 | D:4      | Noticed a big kobold
  2212 | D:4      | Killed a big kobold
  2212 | D:4      | Reached skill level 5 in Maces & Flails
  2212 | D:4      | Reached XP level 5. HP: 31/32 MP: 5/5
  2279 | D:4      | Reached XP level 6. HP: 29/37 MP: 6/6
  2328 | D:4      | Found a runed translucent gate.
  2329 | D:4      | Found a runed translucent gate.
  2330 | D:4      | Found a runed translucent gate.
  2331 | D:4      | Noticed an orc warrior
  2331 | D:4      | Noticed flyleaff's ghost (amateur NaTm)
  2332 | D:4      | Found a roughly hewn altar of Beogh.
  2369 | D:4      | Reached skill level 6 in Maces & Flails
  2426 | D:4      | Found a shattered altar of Ashenzari.
  2429 | D:4      | Became a worshipper of Ashenzari the Shackled
  2471 | D:4      | Found a burning altar of Makhleb.
  2760 | D:4      | Found a shimmering blue altar of Sif Muna.
  2973 | D:4      | Found a snail-covered altar of Cheibriados.
  3014 | D:4      | Found a basalt altar of Yredelemnul.
  3014 | D:4      | Found a blossoming altar of Fedhas.
  3294 | D:5      | Entered Level 5 of the Dungeon
  3440 | D:5      | Reached skill level 7 in Maces & Flails
  3440 | D:5      | Reached XP level 7. HP: 34/41 MP: 7/7
  3469 | D:5      | Found a staircase to the Ecumenical Temple.
  3777 | D:5      | Found a glowing drain.
  3781 | Sewer    | Entered a sewer
  3889 | Sewer    | Reached skill level 8 in Maces & Flails
  4279 | D:6      | HP: 4/41 [wight/+4 battleaxe of freezing (6)]
  4279 | D:6      | HP: 1/41 [wight/+4 battleaxe of freezing (3)]
  4279 | D:6      | Slain by a wight

Table legend:
 A = Turns spent in this place as a percentage of turns spent in the entire game.
 B = Non-inter-level travel turns spent in this place as a percentage of non-inter-level travel turns spent in the entire game.
 C = Inter-level travel turns spent in this place as a percentage of turns spent in this place.
 D = Turns resting spent in this place as a percentage of non-inter-level travel turns spent in this place.
 E = Turns spent auto-exploring this place as a percentage of non-inter-level travel turns spent in this place.
 F = Non-inter-level travel turns spent in this place divided by the number of levels of this place that you've seen.
                   A       B       C       D       E      F
               +-------+-------+-------+-------+-------+----------------------
         Total | 100.0 | 100.0 |   4.0 |  12.2 |  64.4 | 586.7
       Dungeon |  93.3 |  93.0 |   4.3 |  13.1 |  65.8 | 636.7
         Sewer |   6.7 |   7.0 |   0.0 |   0.0 |  45.6 | 287.0
               +-------+-------+-------+-------+-------+----------------------

Table legend:
 A = Kills in this place as a percentage of kills in entire the game.
 B = Kills by you in this place as a percentage of kills by you in the entire game.
 C = Kills by friends in this place as a percentage of kills by friends in the entire game.
 D = Other kills in this place as a percentage of other kills in the entire game.
 E = Experience gained in this place as a percentage of experience gained in the entire game.
 F = Experience gained in this place divided by the number of levels of this place that you have seen.
                   A       B       C       D       E      F
               +-------+-------+-------+-------+-------+----------------------
         Total | 100.0 | 100.0 |   N/A |   N/A | 100.0 | 163.1
       Dungeon |  79.3 |  79.3 |   N/A |   N/A |  86.8 | 165.2
         Sewer |  20.7 |  20.7 |   N/A |   N/A |  13.2 | 151.0
               +-------+-------+-------+-------+-------+----------------------

Action                   |  1- 3 |  4- 6 |  7- 9 || total
-------------------------+-------+-------+-------++-------
Melee: Flail             |   123 |   194 |   185 ||   502
Invok: Curse Item        |       |     1 |     1 ||     2
  Use: Scroll            |     4 |     9 |     2 ||    15
  Eat: Chunk             |     1 |     4 |     3 ||     8
       Ration            |       |     1 |       ||     1
Armor: Scale mail        |    76 |    26 |       ||   102
       Chain mail        |       |    85 |   130 ||   215
Dodge: Dodged            |    49 |   101 |   111 ||   261
Block: Shield            |    61 |       |       ||    61
       Buckler           |       |    37 |    60 ||    97

Vanquished Creatures
  A centaur (D:4)
  2 big kobolds
  A scorpion (D:4)
  A wight (D:6)
  A howler monkey (D:5)
  A centaur zombie (D:5)
  2 crimson imps
  An orc priest (D:5)
  A hound (D:4)
  A centaur skeleton (D:5)
  2 orc wizards
  A worker ant (D:5)
  6 adders
  2 oozes (Sewer)
  2 adder skeletons
  A worm (D:2)
  3 dart slugs
  4 leopard geckos
  12 orcs
  6 bats
  5 giant cockroaches
  6 goblins
  5 hobgoblins
  5 jackals
  19 kobolds
  5 quokkas
  6 ball pythons
  4 frilled lizards
  A jackal skeleton (D:5)
  9 rats
116 creatures vanquished.
